Cogmind - Beta 9.3 @@@ ROGUE MODE // 2019.12.29 @ 22:02:20 Player: Cipherpunk Result: Destroyed self with Mini Grenade Launcher Performance ------------- Evolutions (1) 500 Regions Visited (4) 800 Robots Destroyed (48) 240 Value Destroyed (1005) 1005 Prototype IDs (2) 40 Alien Tech Used (0) 0 Bonus (0) 0 TOTAL SCORE: 2585 Bonus ------- None Cogmind --------- Core Integrity 0/400 Matter 275/300 Energy 265/265 System Corruption 4% Temperature Cool (0) Movement Treading (200) Ox2 Location -9/Mines Parts ------- > --- POWER (1) -------- Reinforced Ion Engine > --- PROPULSION (2) --- Light Treads > --- UTILITY (3) ------ High-capacity Storage Unit Structural Scanner > --- WEAPON (3) ------- Mini Grenade Launcher > --- INVENTORY (12) --- Light Treads Disposable Heat Sink High-capacity Matter Pod (200) Improved Sensor Array Hacking Suite Mini Grenade Launcher Datajack Peak State ------------ > --- POWER ------------ Improved Ion Engine > --- PROPULSION ------- Light Treads Light Treads > --- UTILITY ---------- Medium Storage Unit Large Storage Unit Sensor Array > --- WEAPON ----------- Heavy Assault Rifle Heavy Assault Rifle Improved Light Cannon > --- INVENTORY -------- Ion Engine Aluminum Leg Large Storage Unit High-capacity Matter Pod Structural Scanner Signal Interpreter Seismic Analyzer ECM Suite Hacking Suite Improved Light Cannon Grenade Launcher Grenade Launcher Datajack Mining Laser [Rating: 14] Favorites ----------- Power Ion Engine Engine Ion Engine Propulsion Light Treads Treads Light Treads Leg Aluminum Leg Utility Large Storage Unit Device Structural Scanner Storage Large Storage Unit Protection Medium Armor Plating Weapon Heavy Assault Rifle Energy Gun EM Pulse Gun Ballistic Gun Heavy Assault Rifle Ballistic Cannon Improved Light Cannon Launcher Mini Grenade Launcher Special Weapon Mining Laser Build | -11 -10 -10 -9 -9 ------- Run | Scr Mat Min Mat Min Slots Evolved 2 | . . . 2 . Power . | . . . . . Propulsion . | . . . . . Utility 1 | . . . 1 . Weapon 1 | . . . 1 . Parts Attached 32 | . 7 1 19 5 Power 9 | . 1 . 7 1 Engine 9 | . 1 . 7 1 Core . | . . . . . Reactor . | . . . . . Propulsion 7 | . 2 . 3 2 Treads 7 | . 2 . 3 2 Leg . | . . . . . Wheel . | . . . . . Hover . | . . . . . Flight . | . . . . . Utility 7 | . 2 1 4 . Device 2 | . . . 2 . Storage 3 | . 1 1 1 . Processor . | . . . . . Hackware . | . . . . . Protection 2 | . 1 . 1 . Artifact . | . . . . . Weapon 9 | . 2 . 5 2 Energy Gun . | . . . . . Energy Cannon . | . . . . . Ballistic Gun 4 | . 1 . 2 1 Ballistic Cannon 2 | . 1 . 1 . Launcher 2 | . . . 2 . Special Weapon 1 | . . . . 1 Impact Weapon . | . . . . . Slashing Weapon . | . . . . . Piercing Weapon . | . . . . . Special Melee Weapon . | . . . . . Unidentified Prototypes . | . . . . . Parts Lost 11 | . . 1 1 9 Power 1 | . . . . 1 Propulsion 3 | . . . . 3 Utility 2 | . . 1 . 1 Weapon 5 | . . . 1 4 Highest Loss Streak 4 | . . 1 1 4 Average Slot Usage (%) 91 | . 98 99 99 60 Engine 11 | . 14 14 11 2 Treads 23 | . 25 28 22 15 Device 4 | . . . 10 11 Storage 20 | . 14 27 20 11 Protection 2 | . 13 . 2 . Ballistic Gun 13 | . 14 14 16 6 Ballistic Cannon 10 | . 13 14 11 1 Launcher 3 | . . . 4 11 Naked Turns . | . . . . . Heaviest Build 64 | 13 35 36 64 47 Greatest Support 40 | 20 40 40 40 40 Greatest Overweight (x) 2 | . 1 . 1 2 Average Overweight (x) . | . . . . . Largest Inventory Capacity 18 | . 10 14 18 12 Average Capacity 12 | . 6 13 13 12 Most Carried 14 | . 8 14 14 12 Average Carried 10 | . 6 12 13 9 Final Capacity 14 | 6 10 14 12 12 Final Carried 14 | 6 8 14 12 7 Class Distribution -------------------- 75% | Mutant 12% | Skirmisher 6% | Scavenger-Tank 3% | Scavenger-Skirmisher Dominant Class ---------------- Mutant | -10/Materials Mutant | -10/Mines Skirmisher | -9/Materials Mutant | -9/Mines Resources | -11 -10 -10 -9 -9 ----------- Run | Scr Mat Min Mat Min Matter Collected 1375 | 200 197 260 277 441 Remotely . | . . . . . Salvage Created 1057 | . 306 107 576 68 Parts 88 | . 27 6 51 4 Haulers Intercepted 2 | . 1 . 1 . Recyclers Shooed 2 | . . . 2 . Parts Field Recycled . | . . . . . Retrieved Matter . | . . . . . Parts Self-Destructed . | . . . . . Prevented . | . . . . . Kills | -11 -10 -10 -9 -9 ------- Run | Scr Mat Min Mat Min Combat Hostiles Destroyed 34 | . 7 2 16 9 Melee 3 | . . . . 3 Guns 17 | . 4 2 8 3 Cannons 6 | . 3 . 2 1 AOE 8 | . . . 6 2 Classes Destroyed 13 | . 6 . 5 2 Worker 1 | . 1 . . . Builder 3 | . . . 2 1 Tunneler 2 | . 1 1 . . Hauler 2 | . 1 . 1 . Recycler 1 | . . . 1 . Operator 1 | . . . 1 . Watcher 4 | . 2 . 2 . Swarmer 7 | . 3 . 4 . Grunt 14 | . 4 2 8 . Brawler 1 | . . . 1 . Sentry 3 | . . . 3 . Demolisher 2 | . . . . 2 Assembled 7 | . . . . 7 Best Kill Streak 10 | . 4 2 10 4 Combat Bots Only 6 | . 3 2 6 4 Max Kills in Single Turn 3 | . 2 1 3 2 Gunslinging . | . . . . . Exploded 2 | . . . 2 1 Melee 1 | . . . . 1 Uniques/NPCs Destroyed . | . . . . . Combat | -11 -10 -10 -9 -9 -------- Run | Scr Mat Min Mat Min Damage Taken 2351 | . 265 76 628 1382 Core 452 | . 51 . 79 322 Absorbed by Shields . | . . . . . Core Remaining (%) 89 | 100 . 79 . . Volleys Fired 88 | . 20 6 28 34 Largest 3 | . 2 2 3 3 Hottest 100 | . 62 62 92 100 Shots Fired 180 | . 40 12 75 53 Gun 86 | . 20 6 36 24 Cannon 62 | . 20 6 27 9 Launcher 23 | . . . 12 11 Special 9 | . . . . 9 Kinetic 148 | . 40 12 63 33 Thermal 9 | . . . . 9 Explosive 23 | . . . 12 11 Electromagnetic . | . . . . . Robot Hit Streak 14 | . 10 3 11 14 Robot Miss Streak 3 | . 1 1 3 3 Penetration Max . | . . . . . Secondary Targets . | . . . . . Shots Hit Robots 98 | . 26 7 39 26 Core Hits 72 | . 14 4 36 18 Critical Hits 1 | . . . 1 . Critical Kills 1 | . . . 1 . Critical Parts Destroyed . | . . . . . Melee Attacks . | . . . . . Impact . | . . . . . Slashing . | . . . . . Piercing . | . . . . . Sneak Attacks . | . . . . . Combat Hostiles . | . . . . . Follow-up Attacks . | . . . . . Damage Inflicted 2863 | . 499 141 1603 620 Guns 993 | . 250 96 402 245 Cannons 657 | . 249 45 249 114 Explosions 1158 | . . . 952 206 Melee . | . . . . . Ramming 55 | . . . . 55 Kinetic 1650 | . 499 141 651 359 Thermal . | . . . . . Explosive 1158 | . . . 952 206 Electromagnetic . | . . . . . Impact . | . . . . . Slashing . | . . . . . Piercing . | . . . . . Highest Corruption 4 | . . . . 4 Average Corruption 4 | . . . . 4 Corruption Purged . | . . . . . Overload Shots . | . . . . . Overflow Damage 102 | . 3 7 92 . Projectiles 42 | . 3 7 32 . Explosions 60 | . . . 60 . Melee . | . . . . . Knockbacks 7 | . 4 1 2 . Impact . | . . . . . Kinetic 6 | . 3 1 2 . Secondary 1 | . 1 . . . Self-Inflicted Damage 339 | . . . 138 201 Shots 13 | . . . 6 7 Rammed 17 | . . . . 17 Targets Rammed 19 | . . . . 19 Kicked . | . . . . . Crushed 2 | . . . . 2 Highest Temperature 187 | . 108 48 187 106 Average Temperature 51 | . 34 30 75 36 Received Heat Transfer 547 | . 114 45 168 220 Siege Activations . | . . . . . Robots Corrupted . | . . . . . Combat Hostiles . | . . . . . Parts Fried . | . . . . . Impact Corruptions . | . . . . . Robots Melted . | . . . . . Combat Hostiles . | . . . . . Parts Melted . | . . . . . Heat Transferred . | . . . . . Parts Sabotaged . | . . . . . Parts Stolen . | . . . . . Parts Stripped . | . . . . . Power Chain Reactions . | . . . . . Missiles Intercepted . | . . . . . Alert | -11 -10 -10 -9 -9 ------- Run | Scr Mat Min Mat Min Peak Influence 311 | . 239 77 311 129 Average Influence 74 | . 60 33 138 82 Maximum Alert Level 1 | . 1 . 1 . Low Security (%) 90 | . 96 100 63 100 Level 1 9 | . 3 . 36 . Level 2 . | . . . . . Level 3 . | . . . . . Level 4 . | . . . . . Level 5 . | . . . . . High Security . | . . . . . Max Security . | . . . . . Squads Dispatched 2 | . 1 . 1 . Investigation . | . . . . . Extermination . | . . . . . Reinforcement 2 | . 1 . 1 . Assault . | . . . . . Garrison . | . . . . . Intercept . | . . . . . Construction Impeded . | . . . . . Haulers Reinforced . | . . . . . Stealth | -11 -10 -10 -9 -9 --------- Run | Scr Mat Min Mat Min Distress Signals 4 | . 2 . 2 . Communications Jammed . | . . . . . Distress Signals . | . . . . . Times Spotted 48 | . 12 1 22 13 Peak Tracking Total 6 | . 4 1 6 5 Tactical Retreats 8 | . 1 . 3 4 Traps | -11 -10 -10 -9 -9 ------- Run | Scr Mat Min Mat Min Traps Triggered . | . . . . . Indirectly . | . . . . . Trap Hack Attempts . | . . . . . Triggered . | . . . . . Disarmed . | . . . . . Reprogrammed . | . . . . . Reused . | . . . . . Traps Extracted . | . . . . . Installed . | . . . . . Triggered . | . . . . . Machines | -11 -10 -10 -9 -9 ---------- Run | Scr Mat Min Mat Min Machines Disabled 1 | . . . 1 . Max in Single Turn 1 | . . . 1 . Machines Sabotaged . | . . . . . Garrisons Compromised . | . . . . . Overloaded Fab Kills . | . . . . . Fab Network Shutdowns . | . . . . . Hacking | -11 -10 -10 -9 -9 --------- Run | Scr Mat Min Mat Min Machines Accessed 4 | . 2 1 1 . Terminals 4 | . 2 1 1 . Fabricators . | . . . . . Repair Stations . | . . . . . Recycling Units . | . . . . . Scanalyzers . | . . . . . Garrison Access . | . . . . . Total Hacks 8 | . 4 1 3 . Successful 4 | . 3 . 1 . Failed 4 | . 1 1 2 . Catastrophic 1 | . . 1 . . Database Lockouts . | . . . . . Manual 7 | . 3 1 3 . Terminals 8 | . 4 1 3 . Fabricators . | . . . . . Repair Stations . | . . . . . Recycling Units . | . . . . . Scanalyzers . | . . . . . Garrison Access . | . . . . . Terminal Hacks 2 | . 2 . . . Prototype ID Bank 1 | . 1 . . . Branch Access Points 1 | . 1 . . . Fabricator Hacks . | . . . . . Repair Station Hacks . | . . . . . Recycling Unit Hacks . | . . . . . Scanalyzer . | . . . . . Garrison Access Hacks . | . . . . . Unauthorized Hacks 7 | . 3 . 4 . Terminals 2 | . 1 . 1 . Track 2 | . 1 . 1 . Fabricators . | . . . . . Repair Stations . | . . . . . Recycling Units . | . . . . . Scanalyzers . | . . . . . Garrison Access . | . . . . . Data Cores Recovered . | . . . . . Used . | . . . . . Hacking Detections 4 | . 2 1 1 . Full Trace Events . | . . . . . Feedback Events . | . . . . . Feedback Blocked . | . . . . . Robot Schematics Acquired . | . . . . . Robots Built . | . . . . . Matter . | . . . . . Time . | . . . . . Total Robot Build Rating . | . . . . . Part Schematics Acquired . | . . . . . Parts Built . | . . . . . Matter . | . . . . . Time . | . . . . . Total Part Build Rating . | . . . . . Parts Repaired . | . . . . . Time . | . . . . . Parts Recycled . | . . . . . Recycled Matter . | . . . . . Retrieved Matter . | . . . . . Retrieved Components . | . . . . . Parts Scanalyzed . | . . . . . Part Schematics Acquired . | . . . . . Parts Damaged . | . . . . . Bothacking | -11 -10 -10 -9 -9 ------------ Run | Scr Mat Min Mat Min Used RIF Installer . | . . . . . Robots Hacked . | . . . . . Non-combat . | . . . . . Combat . | . . . . . Robot Hacks Applied . | . . . . . Relay Couplers Released . | . . . . . Robots Rewired . | . . . . . Allies Hacked . | . . . . . Hacks Repelled . | . . . . . Allies | -11 -10 -10 -9 -9 -------- Run | Scr Mat Min Mat Min Total Allies . | . . . . . Largest Group . | . . . . . Highest-Rated Group . | . . . . . Highest-Rated Ally . | . . . . . Total Orders . | . . . . . Ally Attacks . | . . . . . Total Damage . | . . . . . Kills . | . . . . . Allies Corrupted . | . . . . . Allies Melted . | . . . . . Intel | -11 -10 -10 -9 -9 ------- Run | Scr Mat Min Mat Min Robot Analysis Total . | . . . . . Derelict Logs Recovered 4 | . . 2 . 2 Drone Launches . | . . . . . Drone Recoveries . | . . . . . Exploration | -11 -10 -10 -9 -9 ------------- Run | Scr Mat Min Mat Min Turns Passed 2559 | . 467 961 655 476 Spaces Moved 1295 | 1 218 582 309 185 Core . | . . . . . Treads 1269 | . 193 582 309 185 Legs 26 | 1 25 . . . Wheels . | . . . . . Hover . | . . . . . Flight . | . . . . . Fastest Speed 120 | 120 120 160 160 160 Average Speed 162 | 120 155 160 164 174 Slowest Speed 200 | 120 180 160 180 200 Overloaded Moves . | . . . . . Propulsion Burnouts . | . . . . . Robots Hopped . | . . . . . Cave-ins Triggered 1 | . . . . 1 Exploration Rate (%) 36 | 2 38 86 29 29 Regions Visited 4 Branch Regions 2 Pre-discovered Areas . | . . . . . Known Exits Taken 1 | . 1 . . . Unknown Exits Taken 3 | 1 . 1 1 . Scrap Searched 4 | . . 4 . . Spaces Dug 26 | . . . . 26 Terrain Destroyed 197 | . 1 1 77 118 Melee . | . . . . . Projectile 14 | . 1 1 2 10 AOE 183 | . . . 75 108 Actions | -11 -10 -10 -9 -9 --------- Run | Scr Mat Min Mat Min Total 1577 | . 312 602 402 261 Wait 72 | . 39 1 14 18 Move 1290 | . 217 581 308 184 Hop . | . . . . . Pick Up 33 | . 12 10 11 . Fast Attach 9 | . 5 . 4 . Attach 11 | . . 1 5 5 Detach 3 | . 1 . 2 . Swap 12 | . 2 . 10 . Drop 39 | . 16 3 20 . Fire 88 | . 20 6 28 34 Melee . | . . . . . Ram . | . . . . . Kick . | . . . . . Crush 19 | . . . . 19 Escape Stasis 1 | . . . . 1 Rewire . | . . . . . Trap . | . . . . . Miscellaneous . | . . . . . Route ------- -11/Scrapyard -10/Materials (discovered 2 exits: *Min x2) -10/Mines -9/Materials (discovered 2 exits: Mat / [*Min]) -9/Mines (discovered 2 exits: *Mat / Exi) History --------- Turn | Location | Event 1 | -11/Scrapyard | Discovered new exit (range 0) 1 | -11/Scrapyard | Entered Materials 296 | -10/Materials | Discovered new exit (range 12) 311 | -10/Materials | Identified exit to Mines 323 | -10/Materials | Build established: Mutant 468 | -10/Materials | Entered Mines 501 | -10/Mines | Met a Derelict bent on vengeance 560 | -10/Mines | Learned Materials stockpile data 1160 | -10/Mines | Learned location of 1 exit from Materials 1211 | -10/Mines | Discovered new exit (range 12) 1429 | -10/Mines | Entered Materials 1429 | -9/Materials | Evolved 2 slots: Utility x1, Weapon x1 1430 | -9/Materials | Identified exit to Materials 2041 | -9/Materials | Discovered new exit (range 5) 2084 | -9/Materials | Entered Mines 2085 | -9/Mines | Assembled infested the area 2168 | -9/Mines | Lost 4 parts (1p1n1u1w) 2211 | -9/Mines | Identified exit to Exiles 2258 | -9/Mines | Core integrity fell below 50% 2289 | -9/Mines | Discovered exit to Materials (range 6) 2340 | -9/Mines | Core integrity fell below 20% 2552 | -9/Mines | Crushed by falling debris 2560 | -9/Mines | Destroyed self with Mini Grenade Launcher Last Messages --------------- 02329_ K-01 Serf collects debris. 02330_ Slammed into as-92403. 02331_ Lgt. Treads destroyed. 02334_ Slammed into as-92403. 02334_ K-01 Serf collects debris. 02336_ Slammed into as-92403. 02338_ K-01 Serf collects debris. 02339_ Slammed into as-92403. 02341_ K-01 Serf collects debris. 02341_ Slammed into as-92403. 02343_ as-92403 destroyed. 02344_ K-01 Serf collects debris. 02435_ Acquired derelict log, extracted data. Data stored: Storage entrances (x1). 02441_ K-01 Serf collects debris. 02552_ The unstable cave ceiling collapses. 02552_ Crushed by falling debris. 02552_ Mining Laser destroyed. 02552_ System corrupted by crushing effect (+4). 02560_ The unstable cave ceiling collapses. Map ----- +----------------------------------------------------+ | ????????## #??##?????????# | | ?????????### #### ###??????? | | ???????????## !%= # ###????? | | ????????????## #| =!%###### | | ?????????????# # %%!! | | ??????######## # # *######## | | ??????# ## # # # ##?? | | ??????# ###### ### ## ##? | | ??????# #????# # ## ##? | | ??????# #????##### ## # ### | | ??????# #????????? ## # ! | | ??????# #####????? #### !%### ## | | ?????## ##???# ### # *### # | | ?????# #### #### ## | | ?????# ## ##? | | ?????# ### #?? | | ?????# ##?#### #####?? | | ?????## #####??????##?????? | | ??????## ##?????????????????? | | ???????# ##??????????????????? | | ???????# #???????????????????? | | ???????## ##???????????????????? | | ????????#"###????????????????????? | | ????????# #??????????????????????? | | ????????####?????????????????????? | | ????????#@ #?????????????????????? | | ???????# #?????????????????????? | | ??????# #????????????????????? | | ??????## #????????????????????? | | ??????? #????????????????????? | | ???????# ##????????????????????? | | ???????#####?????????????????????? | | ?????????????????????????????????? | | ?????????????????????????????????? | | ?????????????????????????????????? | | ?????????????????????????????????? | | ?????????????????????????????????? | | ??????>??????????????????????????? | | ?????????????????????????????????? | | ?????????????????????????????????? | | ?????????????????????????????????? | | ?????????????????????????????????? | | ?????????????????????????????????? | | ?????????????????????????????????? | | ?????????????????????????????????? | | ?????????????????????????????????? | | ?????????????????????????????????? | | ?????????????????????????????????? | | ?????????????????????????????????? | | ?????????????????????????????????? | +----------------------------------------------------+ Best States ------------- Heat Dissipation 28 Energy Generation 12 Energy Capacity 265 Matter Stores 300 Matter Capacity 300 Sight Range 16 Robot Scan Range 10 Terrain Scan Density 10 Armor Coverage 225 Evasion (%) 40 Recoil Reduction 2 Item Schematics ----------------- None Robot Schematics ------------------ None Fabricated ------------ Nothing Alien Tech Used ----------------- None Achievements -------------- None Challenges ------------ None Game ------ Seed HeavyLegSegregator Manual? 0 Play Time 00:25:14 Cumulative 71.8 hours Start 2019.12.29 @ 21:37:38 End 2019.12.29 @ 22:02:20 Sessions 1 Manual Loads 0 Difficulty Rogue Special Mode None Game No. 70 Rogue 70 Adventurer 0 Explorer 0 Win Type - Total 0 Types 0/0/0/0/0/0/0 Lore% 45 Gallery% 49 Achievement% 37 Wizard Run 0 Options --------- ASCII 0 Keyboard 1 Movement Numpad Keybinds 0 Fullscreen 2 Font 18/SmallcapsGlow Map View 76x50 Tactical HUD 1 Map Filters NONE Filters NONE Steam 1 RUN: 24b40099-f700-4c16-8744-2df5e48f438e